PAAA
BAY CITY BOMBERS @ BLOOMINGTON LONGNECKS
07/29/2021
 
TOP OF THE 1ST
Bay City Bombers batting - Pitching for Bloomington Longnecks : LHP Matthew Watts
Pitching: LHP Matthew Watts
Batting: RHB Albert Morales 0-0: Ball
1-0: Ball
2-0: Ball
3-0: Called Strike
3-1: SINGLE (Line Drive, 78S)
Batting: RHB Gilberto Patino 0-0: Called Strike
0-1: Ball
1-1: Ball
2-1: SINGLE (Groundball, 3L)
Albert Morales to second
Runner from 2nd tries for 3rd, SAFE, throw made to third
Pinch Runner at 3rd Jim Unknown:
Batting: LHB Mito Rin 0-0: Ball
1-0: Grounds into double play, 6-4-3 (Groundball, 6)
Jim Unknown scores
Batting: LHB Bastyão Lizardo 0-0: Ball
1-0: Fly out, F6 (Line Drive, 6)
Top of the 1st over - 1 run(s), 2 hit(s), 0 error(s), 0 left on base; Bay City 1 - Bloomington 0
BOTTOM OF THE 1ST
Bloomington Longnecks batting - Pitching for Bay City Bombers : LHP Gordon Wiggins
Pitching: LHP Gordon Wiggins
Now at C: Jim Unknown
Batting: LHB John Doyle 0-0: Called Strike
0-1: Called Strike
0-2: Strikes out swinging
Batting: RHB Lawrence Olsen 0-0: Called Strike
0-1: Ground out U3 (Groundball, 3L)
Batting: RHB Tom Potts 0-0: Ball
1-0: Ball
2-0: Called Strike
2-1: Foul Ball, location: 2F
2-2: Fly out, F8 (Flyball, 8LM)
Bottom of the 1st over - 0 run(s), 0 hit(s), 0 error(s), 0 left on base; Bay City 1 - Bloomington 0
TOP OF THE 2ND
Bay City Bombers batting - Pitching for Bloomington Longnecks : LHP Matthew Watts
Batting: LHB Jim Unknown 0-0: Foul Ball, location: 2F
0-1: Ball
1-1: Foul Ball, location: 2F
1-2: Ball
2-2: Ball
3-2: Strikes out swinging
Batting: RHB Barry Martínez 0-0: Ball
1-0: Called Strike
1-1: DOUBLE (Flyball, 9LD)
Batting: RHB Jim Unknown 0-0: Ball
1-0: Foul Ball, location: 2F
1-1: Ball
2-1: Ground out 6-3 (Groundball, 6)
Batting: RHB Jim Unknown 0-0: Called Strike
0-1: Ball
1-1: Foul Ball, location: 2F
1-2: Strikes out swinging
Top of the 2nd over - 0 run(s), 1 hit(s), 0 error(s), 1 left on base; Bay City 1 - Bloomington 0
BOTTOM OF THE 2ND
Bloomington Longnecks batting - Pitching for Bay City Bombers : LHP Gordon Wiggins
Batting: RHB Darrell Terwey 0-0: Called Strike
0-1: Ball
1-1: Fly out, F5 (Popup, 5F)
Batting: RHB Kyle Bridges 0-0: Ground out 5-3 (Groundball, 56)
Batting: RHB Michael Hicks 0-0: Swinging Strike
0-1: Ball
1-1: Foul Ball, location: 2F
1-2: Ball
2-2: Strikes out swinging, 2-3 out at first.
Bottom of the 2nd over - 0 run(s), 0 hit(s), 0 error(s), 0 left on base; Bay City 1 - Bloomington 0
TOP OF THE 3RD
Bay City Bombers batting - Pitching for Bloomington Longnecks : LHP Matthew Watts
Batting: RHB Joe Andrews 0-0: Ball
1-0: Ball
2-0: Ground out 5-3 (Groundball, 56)
Batting: RHB Jim Unknown 0-0: Ball
1-0: Called Strike
1-1: Ball
2-1: Foul Ball, location: 2F
2-2: Foul Ball, location: 2F
2-2: Ball
3-2: Base on Balls
Batting: RHB Gilberto Patino 0-0: Ball
1-0: Ball
2-0: Swinging Strike
2-1: Foul Ball, location: 2F
2-2: Foul Ball, location: 2F
2-2: Foul Ball, location: 2F
2-2: Fly out, F8 (Flyball, 8RXD)
Batting: LHB Mito Rin 0-0: SINGLE (Groundball, 56S) (infield hit)
Jim Unknown to second
Batting: LHB Bastyão Lizardo 0-0: Ground out 3-1 (Groundball, 34)
Top of the 3rd over - 0 run(s), 1 hit(s), 0 error(s), 2 left on base; Bay City 1 - Bloomington 0
BOTTOM OF THE 3RD
Bloomington Longnecks batting - Pitching for Bay City Bombers : LHP Gordon Wiggins
Batting: LHB Ismael Dolit 0-0: Ball
1-0: Ground out 1-3 (Groundball, 15)
Batting: RHB Noel Livingston 0-0: Ball
1-0: Foul Ball, location: 2F
1-1: SINGLE (Line Drive, 8LS)
Batting: SHB Jack Bell 0-0: Foul Ball, location: 2F
0-1: Fly out, F8 (Flyball, 8RM)
Batting: LHB John Doyle 0-0: Ball
1-0: Ground out 4-3 (Groundball, 4)
Bottom of the 3rd over - 0 run(s), 1 hit(s), 0 error(s), 1 left on base; Bay City 1 - Bloomington 0
TOP OF THE 4TH
Bay City Bombers batting - Pitching for Bloomington Longnecks : LHP Matthew Watts
Batting: LHB Jim Unknown 0-0: Ball
1-0: Ground out U3 (Groundball, 3)
Batting: RHB Barry Martínez 0-0: Foul Ball, location: 2F
0-1: Ball
1-1: Ground out 6-3 (Groundball, 6)
Batting: RHB Jim Unknown 0-0: Called Strike
0-1: Ball
1-1: Fly out, F7 (Flyball, 7M)
Top of the 4th over - 0 run(s), 0 hit(s), 0 error(s), 0 left on base; Bay City 1 - Bloomington 0
BOTTOM OF THE 4TH
Bloomington Longnecks batting - Pitching for Bay City Bombers : LHP Gordon Wiggins
Batting: RHB Lawrence Olsen 0-0: Ground out 6-3 (Groundball, 6)
Batting: RHB Tom Potts 0-0: Swinging Strike
0-1: Foul Ball, location: 2F
0-2: Reached on error, E5 (Groundball, 5S)
Batting: RHB Darrell Terwey 0-0: Ball
1-0: Called Strike
1-1: Swinging Strike
1-2: Ball
2-2: Reached on Error, E8 (Flyball, 8RM)
Tom Potts to third
Batting: RHB Kyle Bridges 0-0: Ball
Darrell Terwey is caught stealing 2nd base
1-0: Called Strike
1-1: Ball
2-1: Ground out 2-3 (Groundball, 23)
Bottom of the 4th over - 0 run(s), 0 hit(s), 2 error(s), 1 left on base; Bay City 1 - Bloomington 0
TOP OF THE 5TH
Bay City Bombers batting - Pitching for Bloomington Longnecks : LHP Matthew Watts
Batting: RHB Jim Unknown 0-0: Ball
1-0: Swinging Strike
1-1: Ball
2-1: Called Strike
2-2: Foul Ball, location: 2F
2-2: Strikes out swinging
Batting: RHB Joe Andrews 0-0: Ball
1-0: SINGLE (Groundball, 4MD)
Batting: RHB Jim Unknown 0-0: Ball
1-0: Ball
2-0: Foul Ball, location: 2F
2-1: Swinging Strike
2-2: Strikes out looking
Batting: RHB Gilberto Patino 0-0: Ball
1-0: Ball
2-0: Called Strike
2-1: Ball
3-1: Foul Ball, location: 2F
3-2: Foul Ball, location: 2F
3-2: Foul Ball, location: 2F
3-2: Foul Ball, location: 2F
3-2: Base on Balls
Joe Andrews to second
Pitching: LHP Wilson Castillo
Batting: LHB Mito Rin 0-0: Called Strike
0-1: Swinging Strike
0-2: Fly out, F8 (Flyball, 8LM)
Top of the 5th over - 0 run(s), 1 hit(s), 0 error(s), 2 left on base; Bay City 1 - Bloomington 0
BOTTOM OF THE 5TH
Bloomington Longnecks batting - Pitching for Bay City Bombers : LHP Gordon Wiggins
Batting: RHB Michael Hicks 0-0: Called Strike
0-1: Ball
1-1: Ball
2-1: Ball
3-1: Foul Ball, location: 2F
3-2: SINGLE (Line Drive, 56)
Batting: LHB Ismael Dolit 0-0: Sac Bunt - play at first, batter OUT! 5-3
Michael Hicks to second
Batting: RHB Noel Livingston 0-0: Ball
1-0: Ball
2-0: Foul Ball, location: 2F
2-1: DOUBLE (Line Drive, 9LM)
Michael Hicks scores
Batting: SHB Jack Bell 0-0: Called Strike
0-1: Foul Ball, location: 2F
0-2: Strikes out swinging
Batting: LHB John Doyle 0-0: Foul Ball, location: 2F
0-1: Swinging Strike
0-2: Ball
1-2: Strikes out swinging
Bottom of the 5th over - 1 run(s), 2 hit(s), 0 error(s), 1 left on base; Bay City 1 - Bloomington 1
TOP OF THE 6TH
Bay City Bombers batting - Pitching for Bloomington Longnecks : LHP Wilson Castillo
Batting: LHB Bastyão Lizardo 0-0: Ball
1-0: Fly out, F8 (Flyball, 8LM)
Batting: LHB Jim Unknown 0-0: Called Strike
0-1: Ball
1-1: Ground out 4-3 (Groundball, 4M)
Batting: RHB Barry Martínez 0-0: Ball
1-0: Ground out 6-3 (Groundball, 6)
Top of the 6th over - 0 run(s), 0 hit(s), 0 error(s), 0 left on base; Bay City 1 - Bloomington 1
BOTTOM OF THE 6TH
Bloomington Longnecks batting - Pitching for Bay City Bombers : LHP Gordon Wiggins
Batting: RHB Lawrence Olsen 0-0: Foul Ball, location: 2F
0-1: Ball
1-1: Fly out, F8 (Flyball, 8LXD)
Batting: RHB Tom Potts 0-0: Called Strike
0-1: Foul Ball, location: 2F
0-2: Ball
1-2: Fly out, F8 (Flyball, 8LM)
Batting: RHB Darrell Terwey 0-0: Called Strike
0-1: Ball
1-1: Foul Ball, location: 2F
1-2: Strikes out swinging
Bottom of the 6th over - 0 run(s), 0 hit(s), 0 error(s), 0 left on base; Bay City 1 - Bloomington 1
TOP OF THE 7TH
Bay City Bombers batting - Pitching for Bloomington Longnecks : LHP Wilson Castillo
Batting: RHB Jim Unknown 0-0: Called Strike
0-1: Ball
1-1: Called Strike
1-2: Strikes out swinging
Batting: RHB Jim Unknown 0-0: Ball
1-0: Hit by Pitch
Batting: RHB Joe Andrews 0-0: Ball
1-0: SINGLE (Groundball, 34)
Jim Unknown to second
Runner from 2nd tries for 3rd, SAFE, throw made to third
Batting: RHB Jim Unknown Pickoff Throw to First - Out!
0-0: Ball
1-0: SINGLE (Line Drive, 78S)
Jim Unknown scores
Batting: RHB Gilberto Patino 0-0: Ball
1-0: Ground out 1-3 (Groundball, 23)
Top of the 7th over - 1 run(s), 2 hit(s), 0 error(s), 1 left on base; Bay City 2 - Bloomington 1
BOTTOM OF THE 7TH
Bloomington Longnecks batting - Pitching for Bay City Bombers : LHP Gordon Wiggins
Batting: RHB Kyle Bridges 0-0: Fly out, F7 (Flyball, 7M)
Batting: RHB Michael Hicks 0-0: Ball
1-0: Called Strike
1-1: Foul Ball, location: 2F
1-2: Ground out 4-3 (Groundball, 4)
Batting: LHB Ismael Dolit 0-0: Ground out U3 (Groundball, 3L)
Bottom of the 7th over - 0 run(s), 0 hit(s), 0 error(s), 0 left on base; Bay City 2 - Bloomington 1
TOP OF THE 8TH
Bay City Bombers batting - Pitching for Bloomington Longnecks : LHP Wilson Castillo
Batting: LHB Mito Rin 0-0: Ball
1-0: Ground out 1-3 (Groundball, 15S)
Batting: LHB Bastyão Lizardo 0-0: Ball
1-0: Called Strike
1-1: Ball
2-1: Swinging Strike
2-2: Ground out 6-3 (Groundball, 6M)
Batting: LHB Jim Unknown 0-0: Fly out, F9 (Flyball, 9D)
Top of the 8th over - 0 run(s), 0 hit(s), 0 error(s), 0 left on base; Bay City 2 - Bloomington 1
BOTTOM OF THE 8TH
Bloomington Longnecks batting - Pitching for Bay City Bombers : LHP Gordon Wiggins
Batting: RHB Noel Livingston 0-0: Ball
1-0: Ball
2-0: Ball
3-0: Base on Balls
Batting: SHB Jack Bell 0-0: Sac Bunt - play at second, runner OUT! 2-6
Pinch Hitting: RHB António Meléndez 0-0: Ball
1-0: Grounds into double play, U4-3 (Groundball, 4)
Bottom of the 8th over - 0 run(s), 0 hit(s), 0 error(s), 0 left on base; Bay City 2 - Bloomington 1
TOP OF THE 9TH
Bay City Bombers batting - Pitching for Bloomington Longnecks : LHP Wilson Castillo
Pitching: RHP John Woods
Now at SS: António Meléndez
Batting: RHB Barry Martínez 0-0: Ball
1-0: Called Strike
1-1: Ball
2-1: Swinging Strike
2-2: Strikes out swinging
Batting: RHB Jim Unknown 0-0: Ball
1-0: Swinging Strike
1-1: Ball
2-1: Called Strike
2-2: Strikes out swinging
Batting: RHB Jim Unknown 0-0: Ground out 6-3 (Groundball, 6)
Top of the 9th over - 0 run(s), 0 hit(s), 0 error(s), 0 left on base; Bay City 2 - Bloomington 1
BOTTOM OF THE 9TH
Bloomington Longnecks batting - Pitching for Bay City Bombers : LHP Gordon Wiggins
Pitching: RHP Milton Anderson
Batting: RHB Lawrence Olsen 0-0: Ball
1-0: Fly out, F9 (Flyball, 9LMF)
Batting: RHB Tom Potts 0-0: Swinging Strike
0-1: Fly out, F7 (Flyball, 78S)
Batting: RHB Darrell Terwey 0-0: Called Strike
0-1: Ball
1-1: Ball
2-1: SINGLE (Groundball, 56D)
Batting: RHB Kyle Bridges 0-0: Ball
1-0: Foul Ball, location: 2F
1-1: SINGLE (Line Drive, 89S)
Darrell Terwey to second
Runner from 2nd tries for 3rd, SAFE, no throw or cutoff
Batting: RHB Michael Hicks 0-0: Swinging Strike
0-1: Fly out, F7 (Flyball, 78M)
Bottom of the 9th over - 0 run(s), 2 hit(s), 0 error(s), 2 left on base; Bay City 2 - Bloomington 1
This league is powered by Out of the Park Baseball, the baseball management simulation game for PC, Mac and Linux
Friday, January 22nd, 2016 - OOTP Baseball 16.9 Build 39